 Dungeon Crawl Stone Soup version 0.30-b1-2-g02819fbbbe (webtiles) character file.

Game seed: 4710696887899369014

3798 nightchill the Grappler (level 9, -16/92 HPs)
             Began as a Troll Fighter on Sept 8, 2023.
             Was a Believer of Okawaru.
             Demolished by an orc warlord
             ... wielding a +5 battleaxe
              (56 damage)
             ... in a bailey on Sept 10, 2023.
             The game lasted 00:18:47 (7212 turns).

nightchill the Grappler (Troll Fighter)             Turns: 7212, Time: 00:18:48

Health: -16/92     AC:  7    Str: 30    XL:     9   Next: 96%
Magic:  12/12      EV:  9    Int:  4    God:    Okawaru [**....]
Gold:   302        SH:  7    Dex:  9    Spells: 8/8 levels left

rFire   . .          .
                       - Unarmed
rCold   . . .        b - +0 kite shield
rNeg    . . .        w - +0 steam dragon scales
rPois   .            (helmet restricted)
rElec   .            (no cloak)
rCorr   +            (gloves unavailable)
SInv    .            (boots unavailable)
Will    .....        y - amulet of magic regeneration
Stlth   +            i - ring of resist corrosion
HPRegen 1.15/turn    (no ring)
MPRegen 0.53/turn

%: no passive effects
@: no status effects
A: large, unfitting armour, claws 3, regeneration 1, shaggy fur 1, tough skin 1
a: Renounce Religion, Heroism


You were in a bailey.
You worshipped Okawaru.
Okawaru was pleased with you.
You visited 2 branches of the dungeon, and saw 9 of its levels.
You also visited: Bailey.

You collected 302 gold pieces.

Inventory:

Missiles
 v - 4 poisoned darts (quivered)
Armour
 a - a +0 robe
 b - a +0 kite shield (worn)
 w - +0 steam dragon scales (worn)
Jewellery
 i - a ring of resist corrosion (left claw)
 y - an amulet of magic regeneration (around neck)
 B - a ring of ice
Wands
 x - a wand of iceblast (13)
 A - a wand of flame (18)
Scrolls
 d - 3 scrolls of enchant armour {unknown}
 e - 2 scrolls of acquirement {unknown}
 f - 6 scrolls of teleportation
 g - a scroll of poison {unknown}
 l - a scroll of immolation {unknown}
 o - a scroll of fog {unknown}
 p - 2 scrolls of enchant weapon {unknown}
 r - 2 scrolls of vulnerability {unknown}
 s - a scroll of fear {unknown}
 u - a scroll of noise {unknown}
 D - a scroll of brand weapon {unknown}
 F - a scroll of blinking {unknown}
Potions
 c - 3 potions of might
 j - 5 potions of curing
 k - 3 potions of berserk rage
 m - a potion of lignification
 n - 3 potions of haste
 q - 2 potions of mutation
 t - 3 potions of degeneration {unknown}
 z - a potion of brilliance {unknown}
 C - 3 potions of flight {unknown}
 E - a potion of invisibility {unknown}


   Skills:
 + Level 6.7 Fighting
 - Level 2.4 Dodging
 - Level 2.6 Shields
 * Level 10.8 Unarmed Combat
 + Level 5.5 Invocations


You had 8 spell levels left.
You didn't know any spells.
Your spell library contained the following spells:

 Spells                   Type           Power      Damage    Failure   Level
 Magic Dart               Conj           0%         1d3       73%         1
 Poisonous Vapours        Pois/Air       0%         N/A       86%         2
 Inner Flame              Hex/Fire       0%         N/A       97%         3
 Mephitic Cloud           Conj/Pois/Air  0%         N/A       97%         3
 Volatile Blastmotes      Fire/Tloc      0%         2d10      97%         3
 Fulminant Prism          Conj/Hex       0%         3d5       100%        4
 Iskenderun's Mystic Bla  Conj/Tloc      0%         2d3       100%        4
 Freezing Cloud           Conj/Ice/Air   0%         6-21      100%        5
 Lee's Rapid Deconstruct  Erth           0%         3d4*      100%        5
 Yara's Violent Unravell  Hex/Tmut       0%         3d3       100%        5
 Enfeeble                 Hex            0%         N/A       100%        7
 Call Imp                 Summ           Unusable   N/A       N/A         2

Dungeon Overview and Level Annotations

Branches:
Dungeon (8/15)             Temple (1/1) D:4          Bailey (1/1)
   Lair: D:8-11

Altars:
Ashenzari
Dithmenos
Elyvilon
Fedhas
Gozag
Hepliaklqana
Kikubaaqudgha
Makhleb
Nemelex Xobeh
Okawaru
Qazlal
Ru
Sif Muna
Trog
Vehumet
Wu Jian
Xom
Yredelemnul
Zin
The Shining One

Annotations:
D:2 exclusion: downstairs


Innate Abilities, Weirdness & Mutations

You are too large for most types of armour.
You have claws for hands.
Your natural rate of healing is unusually fast.
You are covered in fur. (AC +1)
You have tough skin. (AC +1)


Message History

a +0 hand axe; a +0 leather armour You mangle the orc warlord!!
The orc warlord is lightly wounded.
The orc warlord hits you with a +5 battleaxe!
You claw the orc warlord!
The orc warlord is moderately wounded.
The orc knight no longer looks unusually strong.
The orc warrior hits you with a +0 war axe!
The orc warlord roars a battlecry!
The orc knight goes into a battle-frenzy!
The orc knight hits you with a +0 war axe!
There is an open door, spattered with blood here.
Things that are here:
a +0 hand axe; a +0 leather armour You barely miss the orc warlord.
The orc warlord is moderately wounded.
The orc warrior hits you with a +0 war axe!
* * * LOW HITPOINT WARNING * * *
The orc warlord hits you with a +5 battleaxe!!
* * * LOW HITPOINT WARNING * * *
The orc knight hits you with a +0 war axe!!
* * * LOW HITPOINT WARNING * * *
Okay, then.
Saving game... please wait.
Welcome back, nightchill the Troll Fighter.
Okawaru says: Bring me glory in combat!
Press ? for a list of commands and other information.
Okay, then.
You feel much better. The orc warrior closely misses you.
The orc warlord barely misses you.
The orc knight roars a battlecry!
The orc warlord goes into a battle-frenzy!
You feel much better. You block the orc warrior's attack.
The orc warlord hits you with a +5 battleaxe!!
* * * LOW HITPOINT WARNING * * *
The orc knight barely misses you.
You feel much better. The orc warrior barely misses you.
The orc warlord hits you with a +5 battleaxe!!!
Ouch! That really hurt!
You die...

......#... #.......#
......##.. ..##.......#
.......#.......#.........
.......###...###.........
..⌠.....###'###.....⌠....
...).).##88.88##.........
....)))#.....[.#.........
.....)##.....[[##o......#
......'........o@[......#
.....##........o##.....##
######.....⌠.....#######
##.........## #.........#
##.......## #.......#
##..∩..## #######


You could see an orc warlord (strong), an orc knight (strong) and an orc warrior
(strong).

Vanquished Creatures
  A wyvern (D:7)
  A steam dragon (D:5)
  A water moccasin (D:7)
  7 orc warriors (Bailey)
  2 ice beasts (D:6)
  2 black bears (D:6)
  4 ogres (D:6)
  3 centaurs
  3 phantoms
  2 bullfrogs
  4 scorpions
  5 wights (D:6)
  3 howler monkeys
  3 hounds
  7 jellies
  A gnoll bouda (D:6)
  An orc priest (D:7)
  5 iguanas
  A sleepcap (D:4)
  An orc wizard (D:7)
  8 gnolls
  9 adders
  A shadow imp (D:6)
  An ufetubus (D:6)
  3 dart slugs
  22 orcs
  7 bats
  11 endoplasms
  6 giant cockroaches
  22 goblins
  14 hobgoblins
  4 quokkas
  4 ball pythons
  7 frilled lizards
  7 kobolds
  6 rats (D:3)
189 creatures vanquished.

Vanquished Creatures (others)
  3 plants (D:4)
3 creatures vanquished.

Grand Total: 192 creatures vanquished

Notes
Turn   | Place    | Note
-------+----------+-------------------------------------------
     0 | D:1      | nightchill the Troll Fighter began the quest for the Orb.
     0 | D:1      | Reached XP level 1. HP: 22/22 MP: 0/0
   175 | D:1      | Reached XP level 2. HP: 27/29 MP: 1/1
   748 | D:2      | Reached skill level 3 in Unarmed Combat
   804 | D:2      | Reached XP level 3. HP: 29/36 MP: 2/2
   883 | D:2      | You fall into a shaft and drop 2 floors!
   985 | D:4      | Noticed an ogre
   993 | D:3      | Found a faded altar of an unknown god.
  1175 | D:3      | Noticed a centaur
  1182 | D:3      | Killed a centaur
  1183 | D:3      | Reached skill level 4 in Unarmed Combat
  1183 | D:3      | Reached XP level 4. HP: 45/45 MP: 3/3
  1620 | D:3      | Reached XP level 5. HP: 53/53 MP: 4/4
  1645 | D:3      | Found a burning altar of Makhleb.
  1645 | D:3      | Found a shimmering blue altar of Sif Muna.
  1646 | D:3      | Found a bloodstained altar of Trog.
  1647 | D:3      | Found a stormy altar of Qazlal.
  1647 | D:3      | Found an opulent altar of Gozag.
  1647 | D:3      | Found a blossoming altar of Fedhas.
  1685 | D:3      | Found a broken altar of Ashenzari.
  2174 | D:2      | Reached skill level 5 in Unarmed Combat
  3171 | D:4      | Reached XP level 6. HP: 37/62 MP: 5/5
  3564 | D:4      | Found a staircase to the Ecumenical Temple.
  3581 | D:4      | Reached skill level 6 in Unarmed Combat
  3586 | Temple   | Entered the Ecumenical Temple
  3671 | Temple   | Became a worshipper of Warmaster Okawaru
  3911 | D:4      | Identified the +4 chain mail of Youthful Indiscretion
                  | {Rampage Str+5 Dex+2}
  3922 | D:5      | Entered Level 5 of the Dungeon
  4145 | D:5      | Reached XP level 7. HP: 70/70 MP: 6/6
  4231 | D:5      | Reached skill level 1 in Invocations
  4254 | D:5      | Noticed a steam dragon
  4268 | D:5      | Killed a steam dragon
  4469 | D:5      | Reached * piety under Okawaru
  4470 | D:5      | Reached skill level 7 in Unarmed Combat
  4877 | D:6      | Found a sacrificial altar of Ru.
  4918 | D:6      | Reached XP level 8. HP: 70/79 MP: 8/8
  5145 | D:6      | Reached skill level 5 in Fighting
  5231 | D:6      | Reached skill level 8 in Unarmed Combat
  5720 | D:6      | Reached skill level 9 in Unarmed Combat
  5743 | D:6      | Reached XP level 9. HP: 61/89 MP: 11/11
  6012 | D:7      | Reached ** piety under Okawaru
  6277 | D:7      | Reached skill level 10 in Unarmed Combat
  6300 | D:7      | Reached skill level 5 in Invocations
  6715 | D:8      | Found a flagged portal.
  6735 | Bailey   | Entered a bailey
  7194 | Bailey   | Noticed an orc warlord
  7195 | Bailey   | Noticed an orc knight
  7212 | Bailey   | Demolished by an orc warlord

Illustrated notes

Levels and vault maps discovered:
D:1:      roderic_octagonal_star, layout_loops_cross, serial_glass,
          glass_columns_a, glass_columns_c
D:2:      layout_loops_ring, hangedman_glass_teeth, chequers_jeans
D:3:      minmay_inner_zag, layout_basic, grunt_temple_overflow_octagram,
          ebering_ecumenical_altar_box
D:4:      layout_basic, temple_green, serial_bayou_ford_a
D:5:      layout_basic, serial_park_tiny_2
D:6:      minmay_octagon_keep, layout_loops_ring,
          mainiacjoe_overflow_six_doors_small
D:7:      layout_rooms, serial_rivers, chequers_serial_rivers_small_3,
          chequers_serial_rivers_small_3, chequers_serial_rivers_large_a,
          chequers_serial_rivers_micro_a, chequers_serial_rivers_micro_a,
          chequers_serial_rivers_micro_c, minmay_misc_feat_more_columns
D:8:      layout_loops_ring, slow_altar_1, nicolae_overflow_crystal_walls,
          lair_entry_dummy, enter_bailey_5, small_chamber_with_monster,
          pf_guarded_unrand_woodcutter, uniq_joseph
Temple:   nicolae_temple_hex_pool
Bailey:   bailey_axe_minmay_hex_keep, bailey

Skill      XL: |  1  2  3  4  5  6  7  8  9 |
---------------+----------------------------+-----
Unarmed Combat | 3 4 5 6 7 9 10 | 10.8
Fighting       | 3 4 5 6 |  6.7
Invocations    | 2 4 5 |  5.5
Dodging        | |  2.4
Shields        | |  2.6

Action                     |  1- 3 |  4- 6 |  7- 9 || total
---------------------------+-------+-------+-------++-------
  Melee: Unarmed           |    95 |   118 |   276 ||   489
 Invoke: Heroism           |       |       |    10 ||    10
    Use: Scroll            |       |       |     6 ||     6
         Potion            |       |       |     3 ||     3
   Stab: Sleeping          |     1 |       |     1 ||     2
 Armour: Robe              |    38 |    35 |     2 ||    75
         Steam dragon scal |       |       |    80 ||    80
  Dodge: Dodged            |    40 |    36 |    90 ||   166
  Block: Kite shield       |    41 |    35 |    95 ||   171
